 Dungeon Crawl Stone Soup version 0.30-a0-757-ga6a79fd877 (webtiles) character file.

Game seed: 2040198039304916358

1547712 ryw the Axe Maniac (level 27, 268/300 HPs)
             Began as a Hill Orc Berserker on Feb 8, 2023.
             Was a High Priest of Trog.
             Escaped with the Orb
             ... and 3 runes on Feb 10, 2023!
             The game lasted 03:24:31 (79058 turns).

ryw the Axe Maniac (Hill Orc Berserker)            Turns: 79058, Time: 03:24:33

Health: 268/300    AC: 49    Str: 38    XL:     27
Magic:  32/32      EV: 18    Int:  6    God:    Trog [*****.]
Gold:   3094       SH: 14    Dex:  9    Spells: 26/26 levels left

rFire   + + +      SeeInvis .    w - +9 broad axe (spect)
rCold   . . .      Faith    .    T - +2 kite shield {AC+3}
rNeg    . . .      Spirit   .    Q - +6 gold dragon scales
rPois   +          Reflect  .    J - +2 hat of the Scribe {+Inv rElec rPois Will+}
rElec   +          Harm     .    M - +2 cloak {Stlth+}
rCorr   +          Rampage  .    o - +1 pair of gloves of Zin's Regard {rElec rPois rF+++ rC-}
Will    +++..                    r - +2 pair of boots Stlth
                                 Z - amulet of regeneration
HPRegen 2.30/turn                N - +5 ring of evasion
MPRegen 0.23/turn                K - ring "Liuzih" {rCorr MP+9 Stlth+}

@: studying Maces & Flails
A: regeneration 1, robust 1, strong 1, heat vulnerability 1, inability to drink
after injury 2, devolution 1
0: Orb of Zot
}: 3/15 runes: serpentine, barnacled, silver
a: Renounce Religion, Evoke Invisibility, Berserk, Trog's Hand, Brothers in Arms


You escaped.
You worshipped Trog.
Trog was extremely pleased with you.
You visited 9 branches of the dungeon, and saw 47 of its levels.
You visited the Abyss 1 time.
You also visited: Gauntlet.

You collected 7354 gold pieces.
You spent 4260 gold pieces at shops.

Inventory:

Hand Weapons
 u - the +8 battleaxe of Conofatt {flame, Dex+4}
   (You found it on level 11 of the Dungeon)

   Dex:       It affects your dexterity (+4).
 w - a +9 spectral broad axe (weapon)
 W - the +4 executioner's axe "Roaqieci" {antimagic, rF+ rN+ Dex+3}
   (Trog gifted it to you on level 1 of the Depths)

   Dex:       It affects your dexterity (+3).
   rF:        It protects you from fire.
   rN:        It protects you from negative energy.
Missiles
 t - 8 silver javelins (quivered)
 H - 6 datura-tipped darts
 S - a throwing net
Armour
 o - the +1 pair of gloves of Zin's Regard (worn) {rElec rPois rF+++ rC-}
   (You found it on level 5 of the Vaults)

   rF:        It renders you almost immune to fire.
   rC:        It makes you vulnerable to cold.
   rElec:     It insulates you from electricity.
   rPois:     It protects you from poison.
 r - a +2 pair of boots (worn)
 J - the +2 hat of the Scribe (worn) {+Inv rElec rPois Will+}
   (You found it in a Gauntlet)

   rElec:     It insulates you from electricity.
   rPois:     It protects you from poison.
   +Inv:      It lets you turn invisible.
   Will:      It increases your willpower.
 M - a +2 cloak of stealth (worn)
 O - the +12 plate armour of Gallantry {rElec rC++}
   (You took it off a minotaur in a Gauntlet)

   rC:        It greatly protects you from cold.
   rElec:     It insulates you from electricity.
 Q - +6 gold dragon scales (worn)
 T - a +2 kite shield of protection (worn)
Jewellery
 b - a ring of protection from fire
 i - a +6 ring of strength
 A - a ring of resist corrosion
 B - a ring of poison resistance
 K - the ring "Liuzih" (right hand) {rCorr MP+9 Stlth+}
   (You found it on level 6 of the Dungeon)

   [ring of magical power]

   MP:        It affects your magic capacity (+9).
   rCorr:     It protects you from acid and corrosion.
   Stlth:     It makes you more stealthy.
 N - a +5 ring of evasion (left hand)
 V - a ring of positive energy
 X - a ring of flight
 Y - a ring of see invisible
 Z - an amulet of regeneration (around neck)
Wands
 f - a wand of digging (9)
 g - a wand of roots (28)
 p - a wand of polymorph (14)
 y - a wand of paralysis (54)
 G - a wand of mindburst (68)
Scrolls
 c - 19 scrolls of teleportation
 d - 5 scrolls of magic mapping
 l - 8 scrolls of fog
 m - 13 scrolls of fear
 D - 7 scrolls of poison
 U - 5 scrolls of blinking
Potions
 e - 6 potions of resistance
 j - 8 potions of invisibility
 n - 5 potions of haste
 q - a potion of mutation
 s - 10 potions of might
 x - 3 potions of ambrosia
 z - 14 potions of lignification
 C - 4 potions of cancellation
 E - 16 potions of curing
 I - 5 potions of heal wounds
 P - 6 potions of berserk rage
 R - 7 potions of flight
Miscellaneous
 a - a lightning rod (4/4)
 h - a phantom mirror
 k - a piece from Xom's chessboard (15/15)
 v - a phantom mirror
 F - a box of beasts


   Skills:
 O Level 27 Fighting
 O Level 27 Axes
 - Level 8.0 Throwing
 + Level 26.8 Armour
 + Level 18.2 Dodging
 * Level 15.7 Shields
 - Level 10.0 Evocations


You had 26 spell levels left.
You didn't know any spells.
Your spell library was empty.

Dungeon Overview and Level Annotations

Branches:
Dungeon (15/15)            Temple (0/1) D:5            Lair (5/5) D:11
 Shoals (4/4) Lair:3        Snake (4/4) Lair:2        Slime (0/5) Lair:4
    Orc (2/2) D:11            Elf (3/3) Orc:2        Vaults (5/5) D:14
  Crypt (0/3) Vaults:3     Depths (4/4) D:15            Zot (5/5) Depths:4
Gauntlet (visited)

Altars:
Ashenzari
Cheibriados
Dithmenos
Fedhas
Gozag
Hepliaklqana
Kikubaaqudgha
Makhleb
Nemelex Xobeh
Okawaru
Qazlal
Ru
Sif Muna
Trog
Vehumet
Xom
Yredelemnul
The Shining One
Beogh
Lugonu

Shops:
D:3 [   Orc:2 !=[[   Elf:1 *!   Snake:3 *   Vaults:1 =(*   Vaults:2 [
Vaults:4 *   Depths:3 *

Portals:
Hell: Depths:1 Depths:2 Depths:3 Depths:4
Abyss: Lair:5 Depths:2 Depths:3
Pandemonium: Depths:2 Depths:3
Ziggurat: Depths:3
Trove: D:10 (show abyssal rune of Zot)

Annotations:
Depths:3 1 runed translucent door


Innate Abilities, Weirdness & Mutations

Your natural rate of healing is unusually fast.
You are robust. (+10% HP)
Your muscles are strong. (Str +4, Int/Dex -1)
You are vulnerable to heat. (rF-)
You sometimes lose the ability to drink potions when taking damage.
You have hidden genetic defects.


Message History

As you read the scroll of blinking, it crumbles to dust.
Unknown command.
A rust devil comes into view.
A rust devil comes into view.
The rust devil screeches!
Something whispers, "Beg for mercy, thou froward hell-hated varlet!"
The rust devil moves out of view.
You chop the rust devil into pieces!!!
The rust devil is almost dead.
You chop the rust devil into pieces!!!
You kill the rust devil!
Trog accepts your kill.
An Atsuz and an Executioner come into view.
The Executioner gives a hideous shriek!
You block the rust devil's attack.
The Executioner moves out of view.
You slash the rust devil!
The rust devil is moderately wounded.
Your +9 spectral broad axe completely misses the rust devil.
Blink to where?
Press: ? - help, Dir - move target
As you read the scroll of blinking, it crumbles to dust.
Atsuz gestures.
Atsuz seems to speed up.
The Executioner gestures.
The Executioner seems to speed up.
Atsuz gestures.
Atsuz gestures.
You block the Executioner's attack.
The Executioner hits you but does no damage.
The Executioner hits you. The Executioner hits you!
The Executioner barely misses you. You block the Executioner's attack.
There is a staircase leading out of the dungeon, spattered with blood here.
You block the Executioner's attack.
The Executioner hits you but does no damage.
You block the Executioner's attack. The Executioner hits you!
The Executioner barely misses you.
The Executioner hits you but does no damage. x2
The Executioner hits you.
The Executioner hits you but does no damage.
You have escaped!

##'########...#~.~#≈§≈#..........
.........##...#~.~#≈§.#..........
.........##...#44~#§..#..........
.........##...#.3.#...#........##
..........#.....&4....#........'.
..........#...........#........##
..........#...........##########.
..........#.....1.....# #.......
.........##.....@.....# #.......
.........##...........# #......>
..........################......#
..........................[.....#
####...############.............#
#.### #.............# #...#
#.............# ###.#
#.............# #.##########
#.............#


You could see Atsuz (fast), an Executioner (fast), an ice devil (summoned), a
rust devil, a neqoxec (summoned) and a chaos spawn (summoned).

Vanquished Creatures
  2 dread liches
  3 ancient liches
  7 orbs of fire
  Mara (Vaults:5)
  2 juggernauts
  A royal mummy (Depths:1)
  Sojobo (Vaults:5)
  A shard shrike (Depths:1)
  Xtahua (Depths:3)
  3 Killer Klowns
  Saint Roka (Snake:3)
  Vv (Depths:4)
  The ghost of Plog the Warrior, an adept DgCj (Depths:1)
  11 golden dragons
  A bone dragon (Vaults:3)
  Jory (Depths:3)
  An electric golem (Zot:5)
  14 tentacled monstrosities
  6 liches
  Rupert (Orc:2)
  2 walking earthen tomes (Depths:1)
  5 deep elf blademasters
  2 deep elf master archers (Elf:3)
  19 Orb Guardians
  4 titans
  3 quicksilver dragons
  5 death cobs
  10 sphinxes
  A tentacled starspawn (Abyss:2)
  An Executioner (Abyss:2)
  An ancient champion (Depths:1)
  5 storm dragons
  Donald (Vaults:1)
  10 nagarajas
  A revenant (Depths:1)
  11 shadow dragons
  6 tengu reavers
  7 draconian monks
  6 draconian knights
  7 fire giants
  3 iron dragons
  16 vault wardens
  2 balrugs
  13 deep elf sorcerers
  9 draconian scorchers
  11 frost giants
  2 ghost moths
  8 draconian shifters
  3 draconian stormcallers
  24 ironbound preservers
  A cacodemon (Depths:2)
  4 deep elf elementalists
  An orc warlord (Vaults:4)
  2 spriggan defenders (Depths:2)
  6 draconian annihilators
  14 stone giants
  2 war gargoyles
  A reaper (Depths:1)
  12 green draconians
  10 black draconians
  8 very ugly things
  5 purple draconians
  2 vampire knights
  8 deep elf demonologists
  A lorocyproca (Depths:1)
  6 ironbound thunderhulks
  The ghost of cheesebisquit the Grappler, a journeyman TrFi of Okawaru (Lair:2)
  7 red draconians
  4 spark wasps (Depths:3)
  10 white draconians
  4 deep elf annihilators
  A minotaur (Gauntlet)
  4 dire elephants
  16 yellow draconians
  7 deep elf death magi
  Snorg (D:11)
  2 blizzard demons (Depths:1)
  A merfolk javelineer (Shoals:4)
  4 entropy weavers
  2 green deaths
  Josephine (Orc:2)
  10 ettins
  8 merfolk impalers
  3 jiangshi (Depths:4)
  The ghost of Fyzyjia Apiu the Fighter, a journeyman VSAK of Lugonu (D:13)
  8 yaktaur captains
  5 fire dragons
  Erolcha (Orc:1)
  3 ice dragons
  8 deep elf high priests
  3 rakshasas
  6 great orbs of eyes
  4 hydras
  Fannar (Orc:1)
  3 hell beasts
  40 vault guards
  8 boulder beetles
  3 spriggan air magi
  2 spriggan skeletons (Abyss:2)
  14 anacondas
  10 centaur warriors
  6 ironbound frosthearts
  5 merfolk avatars (Shoals:4)
  2 peacekeepers
  4 two-headed ogres
  2 alligator snapping turtles
  An anaconda (shapeshifter) (D:15)
  7 merfolk aquamancers
  30 dancing weapons
  A death knight (Abyss:2)
  9 deep troll earth magi
  3 satyrs
  A death scarab (Depths:1)
  8 deep troll shamans
  17 naga warriors
  6 spriggan berserkers
  6 thrashing horrors
  5 tengu warriors
  4 vampire magi
  6 shock serpents
  13 death yaks
  7 orc high priests (Orc:2)
  A wretched star (Abyss:2)
  9 hell knights
  16 deep elf knights
  12 naga sharpshooters
  2 sun demons
  A shadow wraith (Vaults:5)
  4 soul eaters
  5 iron trolls
  4 salamander mystics
  A glowing orange brain (shapeshifter) (Vaults:4)
  9 sea snakes
  69 deep trolls
  A goliath frog (shapeshifter) (Vaults:2)
  A shadow demon (Depths:1)
  8 wizards
  5 glowing orange brains
  An obsidian statue (D:13)
  17 harpies
  12 deep elf archers
  6 naga ritualists
  7 orc knights
  7 phantasmal warriors
  20 ironbound convokers
  10 lindwurms
  A harpy (shapeshifter) (Elf:2)
  7 necromancers
  Pikel (D:6)
  An oklob plant (Orc:2)
  15 fauns
  34 deep elf zephyrmancers
  15 salamanders
  41 deep elf pyromancers
  5 starcursed masses (Abyss:2)
  27 ugly things
  2 wolf spiders (shapeshifter)
  5 mana vipers
  A fire giant zombie (Vaults:4)
  A shining eye (shapeshifter) (Vaults:3)
  25 manticores
  An orc sorcerer (Orc:2)
  A moth of wrath (shapeshifter) (D:14)
  14 elephants
  A water nymph (shapeshifter) (D:13)
  7 cyclopes
  12 naga magi
  16 moths of wrath
  5 merfolk sirens
  11 guardian serpents
  The ghost of GiantSquids the Cleaver, a novice HOMo of Okawaru (D:4)
  23 black mambas
  A rust devil (D:1)
  4 smoke demons
  2 eyes of devastation (Abyss:2)
  A torpor snail (Lair:1)
  22 vault sentinels
  A stone giant skeleton (Vaults:2)
  4 water nymphs
  A frost giant skeleton (Vaults:2)
  A human zombie (Vaults:4)
  Psyche (D:8)
  A molten gargoyle (Lair:1)
  A gargoyle (D:12)
  6 cane toads
  An elf skeleton (Vaults:4)
  A demonic crawler (Abyss:2)
  A rime drake (shapeshifter) (Lair:5)
  A komodo dragon (shapeshifter) (Lair:5)
  A tormentor (Depths:1)
  29 yaktaurs
  2 freezing wraiths
  An unseen horror (D:12)
  2 tengu conjurers
  2 rime drakes
  2 ancient zymes (Lair:5)
  19 merfolk
  7 komodo dragons
  2 guardian mummies (Depths:1)
  A yaktaur skeleton (Vaults:4)
  3 meliai
  An ice devil (Depths:2)
  A hellwing (Abyss:2)
  11 trolls
  8 wind drakes
  6 hornets
  A meliai (shapeshifter) (Vaults:5)
  4 polar bears
  Grinder (D:3)
  Prince Ribbit (D:6)
  7 raiju (Abyss:2)
  31 blink frogs
  30 slime creatures
  7 snapping turtles
  2 ettin skeletons (Vaults:4)
  A snapping turtle (shapeshifter) (Vaults:5)
  14 dream sheep
  A centaur simulacrum (D:15)
  2 flying skulls (Abyss:2)
  7 air elementals
  3 culicivoras
  8 wyverns
  6 spriggans
  16 water elementals
  9 large abominations
  2 vampires
  5 ynoxinuls
  5 shadows
  2 humans (shapeshifter)
  The ghost of superbruh the Chopper, an amateur HOFi (D:3)
  38 yaks
  A fire bat (Abyss:2)
  15 basilisks
  9 fire elementals
  4 redbacks
  7 wraiths
  A neqoxec (Abyss:2)
  2 steam dragons (D:9)
  A human simulacrum (Vaults:2)
  6 vampire mosquitoes
  2 chaos spawn (Lair:5)
  The ghost of jimonade the Magician, an amateur DjFE (D:3)
  11 wargs
  An ogre zombie (Vaults:4)
  Edmund (D:5)
  A glowing shapeshifter zombie (Vaults:2)
  35 nagas
  A glowing shapeshifter skeleton (Vaults:4)
  11 water moccasins
  A floating eye (Depths:4)
  A hell hound (D:15)
  3 ogres
  19 orc warriors
  8 black bears
  A black bear (shapeshifter) (D:14)
  An ice beast (D:7)
  5 centaurs
  2 sky beasts
  A kobold brigand (D:10)
  3 gnoll sergeants
  6 earth elementals
  9 bullfrogs
  5 scorpions
  A necrophage (D:5)
  7 wights
  A howler monkey (D:12)
  2 electric eels (Lair:2)
  8 hounds
  6 jellies
  39 orc priests
  3 human skeletons
  Jessica (D:2)
  5 iguanas
  Terence (D:2)
  31 orc wizards
  16 small abominations
  Robin (D:2)
  10 gnolls
  7 adders
  A shadow imp (D:8)
  17 white imps
  3 ufetubi
  An adder skeleton (D:2)
  A worm (D:3)
  87 orcs
  A bat zombie (D:2)
  9 endoplasms
  3 giant cockroaches
  15 goblins
  8 hobgoblins
  2 jackals (D:1)
  13 kobolds
  9 quokkas
  10 ball pythons
  2 ball python skeletons (D:2)
  6 bats
  7 frilled lizards
  4 rats
  7 briar patches (Lair:1)
2063 creatures vanquished.

Vanquished Creatures (collateral kills)
  A tengu reaver (Depths:1)
  2 vault wardens (Vaults:3)
  A draconian stormcaller (Zot:2)
  A draconian annihilator (Zot:2)
  A stone giant (Depths:1)
  A vault guard (Vaults:3)
  A hell knight (Depths:4)
  A naga sharpshooter (Snake:4)
  An ironbound convoker (Vaults:3)
  A vault sentinel (Vaults:3)
  A tengu conjurer (Depths:1)
12 creatures vanquished.

Vanquished Creatures (others)
  A fire giant (Depths:4)
  4 deep elf zephyrmancers
  A human (D:8)
  A briar patch (Lair:1)
  34 fungi
  A lurking horror (Abyss:2)
  97 plants
  3 starspawn tentacles (Abyss:2)
  7 withered plants
149 creatures vanquished.

Grand Total: 2224 creatures vanquished

Notes
Turn   | Place    | Note
-------+----------+-------------------------------------------
     0 | D:1      | ryw the Hill Orc Berserker began the quest for the Orb.
     0 | D:1      | Reached XP level 1. HP: 19/19 MP: 1/1
    99 | D:1      | Reached XP level 2. HP: 27/27 MP: 2/2
   340 | D:1      | Reached XP level 3. HP: 21/33 MP: 1/3
   433 | D:1      | Reached ** piety under Trog
   714 | D:2      | Noticed Terence
   734 | D:2      | Killed Terence
   735 | D:2      | Reached XP level 4. HP: 32/40 MP: 2/4
   811 | D:2      | Noticed Jessica
   815 | D:2      | Noticed Robin
   863 | D:2      | Killed Robin
   877 | D:2      | Killed Jessica
   878 | D:2      | Reached skill level 5 in Axes
   879 | D:2      | Reached XP level 5. HP: 25/47 MP: 2/5
  1635 | D:3      | Found Nexar's Antique Armour Boutique.
  1664 | D:3      | Noticed Grinder
  1706 | D:3      | Killed Grinder
  1707 | D:3      | Reached skill level 5 in Fighting
  1707 | D:3      | Reached XP level 6. HP: 26/56 MP: 3/6
  2044 | D:3      | Found a snail-covered altar of Cheibriados.
  2338 | D:3      | Found a runed translucent gate.
  2339 | D:3      | Found a runed translucent gate.
  2340 | D:3      | Found a runed translucent gate.
  2342 | D:3      | Noticed superbruh's ghost (amateur HOFi)
  2342 | D:3      | Noticed jimonade's ghost (amateur DjFE)
  2668 | D:4      | Found a runed translucent door.
  2678 | D:4      | Noticed GiantSquids's ghost (novice HOMo)
  2690 | D:4      | Reached XP level 7. HP: 61/61 MP: 7/7
  3114 | D:4      | Reached *** piety under Trog
  3237 | D:5      | Entered Level 5 of the Dungeon
  3340 | D:5      | Noticed Edmund
  3353 | D:5      | Killed Edmund
  3424 | D:5      | Found a glowing golden altar of the Shining One.
  3453 | D:5      | Found a broken altar of Ashenzari.
  3454 | D:5      | Found an iron altar of Okawaru.
  3454 | D:5      | Found a burning altar of Makhleb.
  3455 | D:5      | Found a hazy altar of Hepliaklqana.
  3463 | D:5      | Reached skill level 5 in Armour
  3616 | D:5      | Found a radiant altar of Vehumet.
  3620 | D:5      | Found a stormy altar of Qazlal.
  3627 | D:5      | Found a blossoming altar of Fedhas.
  3640 | D:5      | Found a sparkling altar of Nemelex Xobeh.
  3645 | D:5      | Found a sacrificial altar of Ru.
  3650 | D:5      | Found a bloodstained altar of Trog.
  3677 | D:5      | Found a staircase to the Ecumenical Temple.
  3684 | D:5      | Reached XP level 8. HP: 71/71 MP: 6/8
  4649 | D:6      | Noticed Pikel
  4736 | D:6      | Killed Pikel
  4737 | D:6      | Reached XP level 9. HP: 79/79 MP: 7/9
  4773 | D:6      | Identified the ring "Liuzih" {rCorr MP+9 Stlth+}
  4784 | D:6      | Reached skill level 5 in Dodging
  4923 | D:6      | You fall into a shaft and drop 2 floors!
  4924 | D:8      | Noticed Psyche
  4936 | D:8      | Killed Psyche
  5320 | D:8      | Reached XP level 10. HP: 74/91 MP: 8/10
  5472 | D:8      | Found a runed translucent door.
  5481 | D:8      | Reached skill level 10 in Axes
  5636 | D:8      | Found an ancient bone altar of Kikubaaqudgha.
  5655 | D:8      | Found a basalt altar of Yredelemnul.
  5798 | D:8      | Reached **** piety under Trog
  6132 | D:3      | Bought a faintly humming helmet for 209 gold pieces
  6132 | D:3      | Identified the +0 helmet of Negation {+Inv} (You bought it
                  | in a shop on level 3 of the Dungeon)
  6177 | D:3      | Killed superbruh's ghost
  6193 | D:3      | Killed jimonade's ghost
  6337 | D:3      | Bought a dazzling ring mail for 198 gold pieces
  6337 | D:3      | Identified the +1 ring mail "Mownap" {Fly rPois Will++
                  | Regen+} (You bought it in a shop on level 3 of the Dungeon)
  6466 | D:4      | Killed GiantSquids's ghost
  6467 | D:4      | Reached skill level 1 in Evocations
  6656 | D:6      | Noticed Prince Ribbit
  6702 | D:6      | Killed Prince Ribbit
  6879 | D:7      | Reached skill level 10 in Fighting
  7038 | D:7      | Found a shadowy altar of Dithmenos.
  7428 | D:9      | Reached XP level 11. HP: 98/99 MP: 11/11
  7701 | D:10     | Entered Level 10 of the Dungeon
  7702 | D:10     | Noticed a two-headed ogre
  7763 | D:10     | Killed a two-headed ogre
  7764 | D:10     | Reached skill level 1 in Shields
  7779 | D:10     | Noticed a two-headed ogre
  7796 | D:10     | Killed a two-headed ogre
  8147 | D:10     | Noticed an eight-headed hydra
  8162 | D:10     | Killed an eight-headed hydra
  8230 | D:10     | Identified the +1 battleaxe "Tigaffite" {freeze, rF- Str+4
                  | Int+6}
  8629 | D:10     | Found a portal to a secret trove of treasure.
  8695 | D:11     | Identified the +8 battleaxe of Conofatt {flame, Dex+4}
  8719 | D:11     | Found a huge runed translucent gate.
  8719 | D:11     | Found a huge runed translucent gate.
  8719 | D:11     | Found a huge runed translucent gate.
  8720 | D:11     | Noticed a manticore
  8741 | D:11     | Noticed a boulder beetle
  8750 | D:11     | Found a huge runed translucent gate.
  8753 | D:11     | Killed a boulder beetle
  8885 | D:11     | Noticed a cyclops
  8892 | D:11     | Killed a cyclops
  8903 | D:11     | Noticed Snorg
  8906 | D:11     | Noticed a manticore
  8907 | D:11     | Noticed a manticore
  8919 | D:11     | Killed a manticore
  8920 | D:11     | Killed a manticore
  8921 | D:11     | Reached skill level 10 in Armour
  8921 | D:11     | Killed Snorg
  9042 | D:11     | Found a staircase to the Lair.
  9042 | D:11     | Noticed a death yak
  9341 | D:11     | Killed a death yak
  9603 | D:11     | Reached skill level 5 in Evocations
  9673 | D:11     | Reached XP level 12. HP: 110/110 MP: 12/12
  9779 | D:11     | Found a staircase to the Orcish Mines.
  9851 | Lair:1   | Entered Level 1 of the Lair of Beasts
  9852 | Lair:1   | Found a transporter.
 10034 | Lair:1   | Found a transporter.
 10769 | Lair:2   | Noticed a death yak
 10769 | Lair:2   | Noticed a death yak
 10781 | Lair:1   | Killed a death yak
 10782 | Lair:1   | Reached skill level 15 in Axes
 10836 | Lair:2   | Killed a death yak
 10993 | Lair:2   | Found a staircase to the Snake Pit.
 11178 | Lair:2   | Reached XP level 13. HP: 97/119 MP: 13/13
 11344 | Lair:2   | Found a runed translucent door.
 11344 | Lair:2   | Found a shimmering altar of Xom.
 11344 | Lair:2   | Noticed cheesebisquit's ghost (journeyman TrFi)
 11765 | Snake:1  | Entered Level 1 of the Snake Pit
 11941 | Lair:3   | Found a staircase to the Shoals.
 12896 | Lair:3   | Reached ***** piety under Trog
 13270 | Lair:4   | Identified the +5 whip "Loaxzuil" {heavy, rPois Will+ Str+4
                  | Dex-3}
 13446 | Lair:4   | Found a staircase to the Slime Pits.
 13458 | Lair:4   | Received a gift from Trog
 13695 | Lair:5   | Entered Level 5 of the Lair of Beasts
 14163 | Lair:5   | Reached XP level 14. HP: 132/132 MP: 14/14
 15208 | Lair:5   | Reached skill level 15 in Fighting
 15431 | Lair:5   | Found a corrupted altar of Lugonu.
 15431 | Lair:5   | Found a one-way gate to the infinite horrors of the Abyss.
 15633 | Orc:1    | Entered Level 1 of the Orcish Mines
 15633 | Orc:1    | Noticed Fannar
 15643 | Orc:1    | Killed Fannar
 15675 | Orc:1    | Noticed Erolcha
 15688 | Orc:1    | Killed Erolcha
 15837 | Orc:2    | Entered Level 2 of the Orcish Mines
 15856 | Orc:2    | Found a gate leading to a gauntlet.
 15859 | Orc:2    | Found Ofedaots's Armour Shoppe.
 15865 | Gauntlet | Entered a Gauntlet
 15865 | Gauntlet | Found a transporter.
 15874 | Gauntlet | Found a transporter.
 15892 | Gauntlet | Found a transporter.
 15895 | Gauntlet | Found a transporter.
 15916 | Gauntlet | Found a transporter.
 15933 | Gauntlet | Found a transporter.
 15943 | Gauntlet | Found a transporter.
 15970 | Gauntlet | Found a transporter.
 15970 | Gauntlet | Found a transporter.
 15976 | Gauntlet | Found a transporter.
 16009 | Gauntlet | Found a transporter.
 16009 | Gauntlet | Found a transporter.
 16270 | Gauntlet | Identified the +2 hat of the Scribe {+Inv rElec rPois
                  | Will+}
 16330 | Gauntlet | Identified the +12 plate armour of Gallantry {rElec rC++}
 16713 | Orc:2    | Received a gift from Trog
 16719 | Orc:2    | Found a roughly hewn altar of Beogh.
 16875 | Orc:2    | Found Ehaud's Distillery.
 16875 | Orc:2    | Found Zeogid's Jewellery Shop.
 16883 | Orc:2    | Reached XP level 15. HP: 143/143 MP: 15/15
 17243 | Orc:2    | Noticed Josephine
 17250 | Orc:2    | Killed Josephine
 17258 | Orc:2    | Noticed Rupert
 17274 | Orc:2    | Killed Rupert
 17274 | Orc:2    | Received a gift from Trog
 17377 | Orc:2    | Found a staircase to the Elven Halls.
 17407 | Orc:2    | Found Qamnakor's Antique Armour Shop.
 17407 | Orc:2    | Found Zeczanir's Armour Emporium.
 17419 | Orc:2    | Reached skill level 15 in Armour
 17654 | Orc:1    | Found a roughly hewn altar of Beogh.
 17992 | D:11     | Reached ****** piety under Trog
 18115 | D:10     | Upgraded the game from 0.30-a0-743-gbfdf073431 to
                  | 0.30-a0-748-ge6a52f7cba
 18576 | D:12     | Received a gift from Trog
 18582 | D:12     | Reached skill level 1 in Throwing
 19917 | D:13     | Found a runed translucent gate.
 19917 | D:13     | Found a runed translucent gate.
 19917 | D:13     | Found an opulent altar of Gozag.
 19917 | D:13     | Found a runed translucent gate.
 19919 | D:13     | Noticed Fyzyjia Apiu's ghost (journeyman VSAK)
 19952 | D:13     | Killed Fyzyjia Apiu's ghost
 20778 | Abyss:2  | Cast into level 2 of the Abyss (a wizard)
 20793 | Abyss:2  | Noticed a tentacled starspawn
 20800 | Abyss:2  | Found a corrupted altar of Lugonu.
 20824 | Abyss:2  | Killed a tentacled starspawn
 20826 | Abyss:2  | Received a gift from Trog
 20839 | Abyss:2  | Reached XP level 16. HP: 128/155 MP: 16/16
 20951 | Abyss:2  | Found a corrupted altar of Lugonu.
 21005 | Abyss:2  | Gained mutation: You occasionally shout uncontrollably at
                  | your foes. [a neqoxec]
 21286 | Abyss:2  | Noticed an ancient lich
 21295 | Abyss:2  | Noticed an Executioner
 21301 | Abyss:2  | Killed an Executioner
 21580 | D:14     | Escaped the Abyss
 21826 | D:14     | Identified the +4 scale mail of the Frog {Dex+3}
 22090 | D:14     | Found a gate to the Vaults.
 22100 | D:14     | Reached skill level 5 in Throwing
 22364 | Shoals:1 | Entered Level 1 of the Shoals
 22599 | Shoals:1 | Received a gift from Trog
 24576 | Shoals:3 | Received a gift from Trog
 24966 | Shoals:3 | Reached XP level 17. HP: 122/166 MP: 17/17
 25287 | Shoals:4 | Entered Level 4 of the Shoals
 26959 | Shoals:4 | Got a barnacled rune of Zot
 27380 | Shoals:4 | Identified the +5 scale mail "Pydghatsa" {rElec Dex+3
                  | Stlth+}
 27388 | Shoals:4 | Reached skill level 10 in Dodging
 28936 | Snake:1  | Received a gift from Trog
 30524 | Snake:2  | Reached XP level 18. HP: 178/178 MP: 18/18
 30556 | Snake:2  | You fall into a shaft and drop 1 floor!
 31328 | Snake:3  | Found Iant's Incredible Inventory.
 31810 | Snake:4  | Entered Level 4 of the Snake Pit
 31812 | Snake:4  | Received a gift from Trog
 31912 | Snake:4  | Noticed Saint Roka
 32010 | Snake:3  | Killed Saint Roka
 32511 | Snake:4  | Received a gift from Trog
 35124 | Snake:4  | Received a gift from Trog
 35125 | Snake:4  | Reached XP level 19. HP: 147/187 MP: 19/19
 35132 | Snake:4  | Got a serpentine rune of Zot
 35408 | Lair:2   | Killed cheesebisquit's ghost
 35624 | Elf:1    | Entered Level 1 of the Elven Halls
 35945 | Elf:1    | Paralysed by an air elemental for 1 turns
 35963 | Elf:1    | Paralysed by an air elemental for 1 turns
 36203 | Elf:1    | Found Mmianta's Merry Market.
 36262 | Elf:1    | Identified the +3 war axe of Strategic Superiority
                  | {protect, rCorr}
 36436 | Elf:1    | Found Atupij's Distillery.
 36442 | Elf:1    | Bought a potion of heal wounds for 60 gold pieces
 36442 | Elf:1    | Bought a potion of heal wounds for 60 gold pieces
 36442 | Elf:1    | Bought a potion of resistance for 120 gold pieces
 36705 | Elf:2    | Identified the +3 leather armour "Icwux" {rPois rC- rN+++
                  | Str+2}
 37308 | Elf:2    | Received a gift from Trog
 37662 | Elf:2    | Found a runed translucent gate.
 37662 | Elf:2    | Found a runed translucent gate.
 37663 | Elf:2    | Found a runed translucent gate.
 39550 | Elf:2    | Received a gift from Trog
 39683 | Elf:3    | Entered Level 3 of the Elven Halls
 39737 | Elf:3    | Identified the +10 falchion "Fawn" {distort, rPois rF-
                  | Str+7 Stlth+}
 40554 | Elf:3    | Reached XP level 20. HP: 186/198 MP: 20/20
 41142 | Elf:2    | Received a gift from Trog
 42351 | Elf:3    | Noticed a Brimstone Fiend
 42355 | Elf:3    | Noticed a Brimstone Fiend
 42525 | Elf:3    | Identified the ring "Yduumpeg" {rCorr Dex+6}
 42842 | Elf:3    | Identified the +5 long sword of the Spider {freeze, Fly
                  | rElec Str+3}
 43248 | Elf:3    | Identified the +1 plate armour "Yreeguiwn" {rPois rC+
                  | Int+2}
 43410 | Elf:3    | Received a gift from Trog
 43509 | Elf:3    | Identified the +7 hand axe of Womyc {venom, rPois rN+
                  | Str+3}
 44524 | Elf:3    | Identified the +2 helmet of Kuejurel {rPois}
 44935 | Vaults:1 | Entered Level 1 of the Vaults
 44938 | Vaults:1 | Noticed Donald
 44954 | Vaults:1 | Killed Donald
 44981 | Vaults:1 | Found Achuhuut's Assorted Antiques.
 44984 | Vaults:1 | Found Ladomaw's Jewellery Boutique.
 44988 | Vaults:1 | Bought a steaming crystal plate armour for 3145 gold pieces
 44988 | Vaults:1 | Identified the +6 crystal plate armour "Cafigh" {Int+5
                  | Stlth+} (You bought it in a shop on level 1 of the Vaults)
 45064 | Vaults:1 | Found Niguad's Antique Weapon Boutique.
 45257 | Vaults:1 | Received a gift from Trog
 45869 | Vaults:1 | Reached XP level 21. HP: 202/207 MP: 21/21
 46683 | Vaults:2 | You fall into a shaft and drop 1 floor!
 46690 | Vaults:3 | Received a gift from Trog
 47091 | Vaults:3 | Noticed a bone dragon
 47104 | Vaults:3 | Killed a bone dragon
 47495 | Vaults:3 | Found a staircase to the Crypt.
 47821 | Vaults:2 | Received a gift from Trog
 47990 | Vaults:2 | Found Axzaer's Armour Emporium.
 48579 | Vaults:2 | Lost mutation: You occasionally shout uncontrollably at
                  | your foes. [potion of mutation]
 48579 | Vaults:2 | Gained mutation: You are frail. (-10% HP) [potion of
                  | mutation]
 48579 | Vaults:2 | Gained mutation: You have large cloven feet. [potion of
                  | mutation]
 48580 | Vaults:2 | Lost mutation: You are frail. (-10% HP) [potion of
                  | mutation]
 48580 | Vaults:2 | Lost mutation: You have large cloven feet. [potion of
                  | mutation]
 48580 | Vaults:2 | Gained mutation: You expend magic power (3 MP) to
                  | strengthen your wands. [potion of mutation]
 48580 | Vaults:2 | Gained mutation: You are partially covered in iridescent
                  | scales. (AC +2) [potion of mutation]
 48580 | Vaults:2 | Gained mutation: You are dopey. (Int -2) [potion of
                  | mutation]
 48581 | Vaults:2 | Lost mutation: You are partially covered in iridescent
                  | scales. (AC +2) [potion of mutation]
 48581 | Vaults:2 | Lost mutation: You are dopey. (Int -2) [potion of mutation]
 48581 | Vaults:2 | Lost mutation: You expend magic power (3 MP) to strengthen
                  | your wands. [potion of mutation]
 48581 | Vaults:2 | Gained mutation: Your mind is acute. (Int +4, Str/Dex -1)
                  | [potion of mutation]
 48582 | Vaults:2 | Lost mutation: Your mind is acute. (Int +4, Str/Dex -1)
                  | [potion of mutation]
 48582 | Vaults:2 | Gained mutation: You passively dampen the noise of your
                  | surroundings. [potion of mutation]
 48582 | Vaults:2 | Gained mutation: You are agile. (Dex +4, Str/Int -1)
                  | [potion of mutation]
 48583 | Vaults:2 | Lost mutation: You are agile. (Dex +4, Str/Int -1) [potion
                  | of mutation]
 48583 | Vaults:2 | Lost mutation: You passively dampen the noise of your
                  | surroundings. [potion of mutation]
 48583 | Vaults:2 | Gained mutation: You expend magic power (3 MP) to
                  | strengthen your wands. [potion of mutation]
 48583 | Vaults:2 | Gained mutation: You possess an exceptional clarity of
                  | mind. [potion of mutation]
 48583 | Vaults:2 | Gained mutation: You have hidden genetic potential. [potion
                  | of mutation]
 49759 | Vaults:3 | Received a gift from Trog
 49886 | Vaults:3 | Gained mutation: You have large cloven feet. [a shining
                  | eye]
 50015 | Vaults:3 | Reached skill level 27 in Axes
 50196 | Vaults:3 | Identified the +0 scale mail "Maniahay" {rC+ Dex+2}
 50265 | Vaults:3 | Reached XP level 22. HP: 215/217 MP: 22/22
 50421 | Vaults:4 | Found Duer's General Store.
 51301 | Vaults:4 | Received a gift from Trog
 52006 | Vaults:5 | Entered Level 5 of the Vaults
 52006 | Vaults:5 | Noticed Mara
 52121 | D:15     | Entered Level 15 of the Dungeon
 52822 | D:15     | Found a shimmering blue altar of Sif Muna.
 52955 | D:15     | Found a staircase to the Depths.
 52975 | Depths:1 | Entered Level 1 of the Depths
 52994 | Depths:1 | Identified the +4 executioner's axe "Roaqieci" {antimagic,
                  | rF+ rN+ Dex+3} (Trog gifted it to you on level 1 of the
                  | Depths)
 52994 | Depths:1 | Received a gift from Trog
 53545 | Depths:1 | Found a large runed translucent door.
 53546 | Depths:1 | Found a large runed translucent door.
 53566 | Depths:1 | Gained mutation: You passively map a small area around you.
                  | [hidden potential]
 53596 | Depths:1 | Noticed a juggernaut
 53643 | Depths:1 | Found a gateway to Hell.
 53841 | Depths:1 | Found a runed translucent door.
 53843 | Depths:1 | Noticed Plog's ghost (adept DgCj)
 53952 | Depths:1 | Noticed a royal mummy
 53955 | Depths:1 | Noticed a shard shrike
 54282 | Depths:1 | Killed a juggernaut
 54857 | Depths:1 | Received a gift from Trog
 54949 | Depths:1 | Reached XP level 23. HP: 173/229 MP: 23/23
 56221 | Depths:1 | Reached skill level 15 in Dodging
 56410 | Depths:1 | Killed a royal mummy
 56469 | Depths:1 | Killed a shard shrike
 57028 | Depths:1 | Killed Plog's ghost
 58465 | Depths:2 | Found a one-way gate leading to the halls of Pandemonium.
 58465 | Depths:2 | Gained mutation: You occasionally lose the ability to read
                  | scrolls when taking damage. [a cacodemon]
 58905 | Depths:2 | Received a gift from Trog
 59731 | Depths:3 | Received a gift from Trog
 59745 | Depths:3 | Gained mutation: You have great hidden genetic potential.
                  | [hidden potential]
 59745 | Depths:3 | Lost mutation: You have great hidden genetic potential.
                  | [hidden potential expressed]
 59899 | Depths:3 | Lost mutation: You have hidden genetic potential. [potion
                  | of mutation]
 59899 | Depths:3 | Lost mutation: You occasionally lose the ability to read
                  | scrolls when taking damage. [potion of mutation]
 59899 | Depths:3 | Lost mutation: You passively map a small area around you.
                  | [potion of mutation]
 59899 | Depths:3 | Gained mutation: Your muscles are strong. (Str +4, Int/Dex
                  | -1) [potion of mutation]
 59899 | Depths:3 | Gained mutation: You have a somewhat thin skeletal
                  | structure. (Dex +2, Stealth+) [potion of mutation]
 59912 | Depths:3 | Found a runed translucent door.
 59913 | Depths:3 | Noticed an ancient lich
 59915 | Depths:3 | Found a radiant altar of Vehumet.
 60133 | Depths:3 | Noticed Jory
 60153 | Depths:3 | Killed Jory
 60323 | Depths:3 | Found Neic's Assorted Antiques.
 60353 | Depths:3 | Bought a potion of heal wounds for 180 gold pieces
 60400 | Depths:3 | Found a one-way gateway to a ziggurat.
 60465 | Depths:3 | You fall into a shaft and drop 1 floor!
 60465 | Depths:4 | Entered Level 4 of the Depths
 60483 | Depths:4 | Noticed Xtahua
 60802 | Depths:3 | Noticed a juggernaut
 60808 | Depths:3 | Killed a juggernaut
 61247 | Depths:4 | Found a radiant altar of Vehumet.
 61288 | Depths:4 | Reached XP level 24. HP: 237/243 MP: 23/23
 61462 | Depths:4 | Noticed Vv
 61641 | Depths:4 | Paralysed by a floating eye for 4 turns
 62311 | Depths:4 | Killed Vv
 62665 | Depths:4 | Received a gift from Trog
 63834 | Depths:3 | Killed Xtahua
 63971 | Depths:4 | Found a gate to the Realm of Zot.
 64747 | Vaults:5 | Noticed ryw's illusion
 65055 | Vaults:5 | Reached skill level 5 in Shields
 65175 | Vaults:5 | Noticed Sojobo
 65210 | Vaults:5 | Paralysed by an air elemental for 1 turns
 65217 | Vaults:5 | Paralysed by an air elemental for 1 turns
 65219 | Vaults:5 | Killed Sojobo
 65252 | Vaults:5 | Received a gift from Trog
 65839 | Vaults:5 | Received a gift from Trog
 65856 | Vaults:5 | Reached XP level 25. HP: 112/253 MP: 15/23
 65896 | Vaults:5 | Noticed ryw's illusion
 65896 | Vaults:5 | Killed Mara
 66445 | Vaults:5 | Identified the +0 pair of gloves "Qiuvvu Coqux" {rC+}
 66446 | Vaults:5 | Identified the +1 pair of gloves of Zin's Regard {rElec
                  | rPois rF+++ rC-}
 66854 | Vaults:5 | Got a silver rune of Zot
 67353 | Vaults:5 | Identified the +1 battleaxe of Skirmishing {antimagic,
                  | rPois rN+ Str-2}
 67743 | Zot:1    | Entered Level 1 of the Realm of Zot
 69121 | Zot:2    | Reached skill level 10 in Shields
 69272 | Zot:2    | Noticed a Killer Klown
 69282 | Zot:2    | Killed a Killer Klown
 69386 | Zot:2    | You fall into a shaft and drop 2 floors!
 69670 | Zot:4    | Received a gift from Trog
 71107 | Zot:3    | Reached XP level 26. HP: 246/264 MP: 23/23
 71885 | Zot:3    | Received a gift from Trog
 73138 | Zot:4    | Upgraded the game from 0.30-a0-748-ge6a52f7cba to
                  | 0.30-a0-757-ga6a79fd877
 74477 | Zot:5    | Entered Level 5 of the Realm of Zot
 74477 | Zot:5    | Found a radiant altar of Vehumet.
 74611 | Zot:4    | Reached skill level 27 in Fighting
 74750 | Zot:5    | Reached skill level 10 in Evocations
 75695 | Zot:5    | Noticed an orb of fire
 75806 | Zot:5    | Noticed a dread lich
 75811 | Zot:5    | Noticed an orb of fire
 75816 | Zot:5    | Killed a dread lich
 75816 | Zot:5    | Gained mutation: You are frail. (-10% HP) [an orb of fire]
 75821 | Zot:5    | Gained mutation: You are clumsy. (Dex -2) [an orb of fire]
 75824 | Zot:5    | Gained mutation: You are very clumsy. (Dex -4) [an orb of
                  | fire]
 75825 | Zot:5    | Gained mutation: Your spells are a little easier to cast,
                  | but a little less powerful. [an orb of fire]
 75835 | Zot:5    | Lost mutation: Your muscles are strong. (Str +4, Int/Dex
                  | -1) [an orb of fire]
 75836 | Zot:5    | Killed an orb of fire
 75837 | Zot:5    | Gained mutation: You are weak. (Str -2) [an orb of fire]
 75839 | Zot:5    | Gained mutation: You are very frail. (-20% HP) [an orb of
                  | fire]
 75839 | Zot:5    | Lost mutation: You possess an exceptional clarity of mind.
                  | [an orb of fire]
 75847 | Zot:5    | Killed an orb of fire
 75926 | Zot:5    | Noticed a dread lich
 75940 | Zot:5    | Noticed an orb of fire
 75942 | Zot:5    | Noticed an orb of fire
 75943 | Zot:5    | Noticed an ancient lich
 75944 | Zot:5    | Noticed an orb of fire
 75944 | Zot:5    | Noticed an orb of fire
 75953 | Zot:5    | Gained mutation: You are extremely frail. (-30% HP) [an orb
                  | of fire]
 75954 | Zot:5    | Noticed a Killer Klown
 75954 | Zot:5    | Noticed an ancient lich
 75959 | Zot:5    | Gained mutation: Your spells are easier to cast, but less
                  | powerful. [an orb of fire]
 75960 | Zot:5    | Gained mutation: You occasionally shout uncontrollably at
                  | your foes. [an orb of fire]
 76053 | Zot:5    | Gained mutation: You frequently scream uncontrollably at
                  | your foes. [an orb of fire]
 76056 | Zot:4    | Gained mutation: You are vulnerable to heat. (rF-) [an orb
                  | of fire]
 76066 | Zot:4    | Killed an orb of fire
 76227 | Zot:5    | Gained mutation: Armour fits poorly on your strangely
                  | shaped body. [an orb of fire]
 76235 | Zot:4    | Killed a dread lich
 76242 | Zot:4    | Gained mutation: Your body sometimes deteriorates upon
                  | taking damage. [an orb of fire]
 76245 | Zot:4    | Gained mutation: You occasionally lose the ability to drink
                  | potions when taking damage. [an orb of fire]
 76251 | Zot:4    | Gained mutation: You have hidden genetic defects. [an orb
                  | of fire]
 76253 | Zot:4    | Killed an orb of fire
 76517 | Zot:5    | Killed an ancient lich
 76543 | Zot:5    | Gained mutation: Potions are less effective at restoring
                  | your health. [an orb of fire]
 76556 | Zot:5    | Lost mutation: You are weak. (Str -2) [an orb of fire]
 76564 | Zot:5    | Killed a Killer Klown
 76566 | Zot:5    | Gained mutation: You do not regenerate when monsters are
                  | visible. [an orb of fire]
 76570 | Zot:5    | Killed an orb of fire
 76686 | Zot:5    | Noticed an ancient lich
 76710 | Zot:4    | Killed an ancient lich
 76741 | Zot:5    | Noticed an orb of fire
 76742 | Zot:5    | Gained mutation: You are very vulnerable to heat. (rF--)
                  | [an orb of fire]
 76755 | Zot:4    | Gained mutation: You are occasionally teleported next to
                  | monsters. [an orb of fire]
 76758 | Zot:4    | Killed an orb of fire
 76803 | Zot:4    | Gained mutation: You sometimes lose your temper in combat.
                  | [an orb of fire]
 76805 | Zot:4    | Gained mutation: You sometimes lose the ability to drink
                  | potions when taking damage. [an orb of fire]
 76812 | Zot:4    | Killed an orb of fire
 77011 | Zot:4    | Killed an ancient lich
 77012 | Zot:4    | Reached skill level 15 in Shields
 77024 | Zot:4    | Gained mutation: You are often teleported next to monsters.
                  | [hidden defects]
 77025 | Zot:4    | Lost mutation: Your body sometimes deteriorates upon taking
                  | damage. [potion of mutation]
 77025 | Zot:4    | Lost mutation: You are very clumsy. (Dex -4) [potion of
                  | mutation]
 77025 | Zot:4    | Lost mutation: You have hidden genetic defects. [potion of
                  | mutation]
 77025 | Zot:4    | Lost mutation: You have a somewhat thin skeletal structure.
                  | (Dex +2, Stealth+) [potion of mutation]
 77025 | Zot:4    | Lost mutation: You are often teleported next to monsters.
                  | [potion of mutation]
 77025 | Zot:4    | Gained mutation: You have a pair of small horns on your
                  | head. [potion of mutation]
 77026 | Zot:4    | Lost mutation: Your spells are easier to cast, but less
                  | powerful. [potion of mutation]
 77026 | Zot:4    | Lost mutation: Potions are less effective at restoring your
                  | health. [potion of mutation]
 77026 | Zot:4    | Lost mutation: You have large cloven feet. [potion of
                  | mutation]
 77026 | Zot:4    | Lost mutation: You frequently scream uncontrollably at your
                  | foes. [potion of mutation]
 77027 | Zot:4    | Lost mutation: You do not regenerate when monsters are
                  | visible. [potion of mutation]
 77027 | Zot:4    | Lost mutation: You are clumsy. (Dex -2) [potion of
                  | mutation]
 77027 | Zot:4    | Lost mutation: You occasionally shout uncontrollably at
                  | your foes. [potion of mutation]
 77028 | Zot:4    | Lost mutation: You are extremely frail. (-30% HP) [potion
                  | of mutation]
 77028 | Zot:4    | Lost mutation: You are very frail. (-20% HP) [potion of
                  | mutation]
 77028 | Zot:4    | Lost mutation: You are occasionally teleported next to
                  | monsters. [potion of mutation]
 77029 | Zot:4    | Lost mutation: Armour fits poorly on your strangely shaped
                  | body. [potion of mutation]
 77029 | Zot:4    | Lost mutation: You expend magic power (3 MP) to strengthen
                  | your wands. [potion of mutation]
 77029 | Zot:4    | Lost mutation: You have a pair of small horns on your head.
                  | [potion of mutation]
 77029 | Zot:4    | Lost mutation: Your spells are a little easier to cast, but
                  | a little less powerful. [potion of mutation]
 77420 | Elf:1    | Bought a potion of mutation for 144 gold pieces
 77420 | Elf:1    | Lost mutation: You are very vulnerable to heat. (rF--)
                  | [potion of mutation]
 77420 | Elf:1    | Lost mutation: You are frail. (-10% HP) [potion of
                  | mutation]
 77420 | Elf:1    | Gained mutation: Your spells are a little harder to cast,
                  | but a little more powerful. [potion of mutation]
 77420 | Elf:1    | Gained mutation: You have hidden genetic defects. [potion
                  | of mutation]
 77463 | Elf:1    | Bought a potion of mutation for 96 gold pieces
 77463 | Elf:1    | Bought a potion of might for 48 gold pieces
 77463 | Elf:1    | Lost mutation: You sometimes lose your temper in combat.
                  | [potion of mutation]
 77463 | Elf:1    | Lost mutation: Your spells are a little harder to cast, but
                  | a little more powerful. [potion of mutation]
 77463 | Elf:1    | Gained mutation: You are robust. (+10% HP) [potion of
                  | mutation]
 77463 | Elf:1    | Gained mutation: Your natural rate of healing is unusually
                  | fast. [potion of mutation]
 77463 | Elf:1    | Gained mutation: Your muscles are strong. (Str +4, Int/Dex
                  | -1) [potion of mutation]
 77906 | Zot:5    | Reached XP level 27. HP: 294/300 MP: 23/23
 78427 | Zot:5    | Got the Orb of Zot
 78598 | Depths:4 | Noticed Utzoax the pandemonium lord
 79048 | D:1      | Noticed Atsuz the pandemonium lord
 79058 | D:$      | Escaped with the Orb!

Illustrated notes

Levels and vault maps discovered:
D:1:      lightli_arrival_quake, layout_basic
D:2:      layout_basic, serial_undead, serial_undead_a, serial_undead_e,
          serial_undead_e, serial_undead_b, serial_undead_f, serial_undead_e,
          uniq_terence, uniq_jessica, uniq_robin
D:3:      layout_basic, amcnicky_altar_gilded, gammafunk_ghost_cemetery,
          serial_shops, nicolae_shop_overgrown_old_shop, uniq_grinder
D:4:      layout_gridville, hellmonk_ghost_happy_afterlife, minmay_puff
D:5:      layout_loops_ring, general_overflow_altar,
          nicolae_overflow_hallway_of_the_gods,
          chequers_temple_overflow_statue_of_worship,
          minmay_temple_entry_proselytizer, glass_columns_b, uniq_edmund
D:6:      layout_basic, minmay_checkerbox, uniq_prince_ribbit1, uniq_pikel
D:7:      layout_basic, kennysheep_mini_moat
D:8:      layout_rooms, lemuel_crystal_altar, dk_yredelemnul_ordeal, uniq_psyche
D:9:      layout_cave_pools
D:10:     layout_small_grid, nicolae_trove_entry_diagonal,
          kennysheep_generic_room_6
D:11:     lemuel_bear_cage, layout_basic, david_lair_generic, orc_0_dummy,
          kennysheep_potato, uniq_snorg
D:12:     minmay_imperfect_grid, layout_layer_cave, kennysheep_just_a_vault
D:13:     layout_loops_ring, ebering_ghost_gozag, chequers_serial_rivers_micro_d
D:14:     layout_cave_pools, david_vaults_5, nicolae_benzene_ring
D:15:     gammafunk_enter_depths_forms, layout_basic, led_sif_pool,
          hangedman_abyss_or_decor_passed
Lair:1:   gammafunk_worm_tunnel, layout_gridlike, nicolae_lair_lindhole,
          lemuel_fruit_tree
Lair:2:   layout_gridlike, minmay_snake_entry_guardpost_medium,
          ebering_ghost_xom
Lair:3:   layout_loops_ring, minmay_shoals_entry_beasts
Lair:4:   layout_layer_cave, nicolae_slime_entry_field_trip, st_stairs_6,
          kennysheep_basilisk_garden
Lair:5:   hellmonk_lair_end_abyssal_woods, layout_loops_ring,
          infiniplex_staircase_pool_2, grunt_megastairs_5
Shoals:1: layout_shoals
Shoals:2: layout_shoals
Shoals:3: layout_shoals
Shoals:4: shoals_end_grunt_ice, layout_shoals, nicolae_shoals_aquamancer_cove
Snake:1:  layout_chambers, nicolae_triple_integral
Snake:2:  layout_rooms
Snake:3:  layout_cave_town, nicolae_snake_gridmaze_entwining,
          nicolae_alphabet_shops
Snake:4:  grunt_snake_rune_serpentine_throne, layout_misc_corridors,
          uniq_saint_roka
Orc:1:    layout_diamond_mine, basic_altar, uniq_erolcha, uniq_fannar
Orc:2:    st_orc_town, layout_diamond_mine, serial_shops,
          nicolae_shop_advertising_works [nicolae_subvault_shop_adworks],
          gauntlet_entry_generic, portal_ice_cave_entry_imps, mines3_lemuel,
          uniq_rupert, uniq_josephine
Elf:1:    layout_loops_cross, serial_shops, nicolae_square_shop,
          hangedman_elven_crosses_minicolossus, nicolae_alphabet_shops,
          nicolae_elf_loose_elemental_storage
Elf:2:    nicolae_elf_blades_splatter_lattice
          [nicolae_blade_entry_diamond_columns], layout_loops_cross
Elf:3:    nooodl_elf_gasket, layout_gridlike, dreamdust_wishing_well
Vaults:1: hangedman_vaults_nodes, vaults_dpeg_hooks, hangedman_vaults_unwind,
          v_misc_9, v_misc_10, ontoclasm_vaults_chip, grunt_vaults_hallway_long,
          st_cells, hangedman_vaults_snaps, v_alt_pattern_1, vaults_dpeg_ring,
          ontoclasm_vaults_loading_screen, vaults_dpeg_diagonal,
          vaults_room_stairs_pillars, vaults_dpeg_emergency_exit,
          layout_vaults_omnicross, serial_shops, nicolae_shop_hallway_stairs,
          shop_fountains, nicolae_shop_trees, uniq_donald
Vaults:2: v_rooms_6, ontoclasm_vaults_claustrophobia, vaults_room_fours,
          v_misc_19, nicolae_vaults_bisected_exclaves,
          hangedman_vaults_variations, st_more_cells,
          vaults_room_grunt_arrival_checkpoint, vaults_room_door_hall,
          ontoclasm_vaults_gateway, nicolae_vaults_little_squares_4,
          layout_vaults_omnigrid, serial_shops, shop
Vaults:3: v_misc_18, nicolae_vaults_network_quinsquares
          [nicolae_vaults_network_quincunx_subvault,
          nicolae_vaults_network_quincunx_subvault,
          nicolae_vaults_network_quincunx_subvault,
          nicolae_vaults_network_quincunx_subvault],
          minmay_crypt_entry_nasty_monster, nicolae_vaults_display_case,
          ontoclasm_vaults_fault, vaults_mumra_chevron, vaults_dpeg_cross,
          hangedman_vaults_capsules, nicolae_vaults_theta, v_pattern_4,
          hangedman_vaults_cutoff, layout_vaults_chaotic_city
Vaults:4: v_pattern_2, vaults_room_stairs_pillars, st_cross, v_misc_9,
          grunt_vaults_hallway_long, dpeg_vaults_monster_box, v_misc_15,
          nicolae_vaults_network_barrier, v_alt_pattern_6, v_alt_pattern_2,
          grunt_vaults_hallway_long, layout_vaults_omnibox, serial_shops, shop
Vaults:5: serial_shops, uniq_mara, uniq_sojobo
Depths:1: lightli_eight_chambers, layout_gridlike,
          minmay_misc_feat_four_crosses, hell_entry, gammafunk_ghost_grave
Depths:2: kennysheep_big_flooded_room, layout_cave_shapes,
          rand_demon_pan_entry_8, abyss_entry, hell_entry,
          hangedman_abyss_or_decor_lesser_grid
Depths:3: kennysheep_cluttered_fort, layout_gridlike, enter_ziggurat_d,
          abyss_entry_glasseish, rand_demon_pan_entry_3, serial_shops,
          nicolae_shop_temple_entry_statues_fountains, hell_entry,
          roderic_serpentine_path, grunt_absolute_annihilation,
          infiniplex_staircase_diamond, uniq_jory
Depths:4: grunt_bruiser_brothers, layout_cave_shapes,
          nicolae_vehumet_altar_sigil, lightli_too_deep, uniq_vv, uniq_xtahua
Zot:1:    layout_gridlike
Zot:2:    layout_basic, lemuel_elevator
Zot:3:    layout_gridlike, st_single_dragon_hoard_2, st_single_dragon_hoard_4
Zot:4:    layout_gridlike, grunt_megastairs_3
Zot:5:    layout_basic, grunt_ministairs_5, hangedman_feature_mirror

Skill      XL: |  1  2  3  4  5  6  7  8  9 10 11 12 13 14 15 16 17 18 19 20 21 22 23 24 25 26 |
---------------+-------------------------------------------------------------------------------+-----
Dodging        | 2 3 4 5 7 9 10 11 12 13 14 16 17 18 | 18.2
Fighting       | 4 5 6 7 9 10 11 12 14 15 17 18 19 20 21 22 24 25 26 27 | 27.0
Armour         | 3 4 5 6 7 9 10 11 13 14 16 17 18 19 20 22 23 24 25 26 | 26.8
Axes           | 5 6 8 9 11 13 15 18 20 22 24 25 27 | 27.0
Evocations     | 2 5 7 9 10 | 10.0
Shields        | 3 7 11 15 | 15.7
Throwing       | 3 6 8 |  8.0

Action                     |  1- 3 |  4- 6 |  7- 9 | 10-12 | 13-15 | 16-18 | 19-21 | 22-24 | 25-27 || total
---------------------------+-------+-------+-------+-------+-------+-------+-------+-------+-------++-------
  Melee: Hand axe          |    78 |       |   243 |       |       |       |       |       |       ||   321
         Punch             |     3 |     2 |     4 |       |       |       |       |       |       ||     9
         Flail             |    20 |   167 |     8 |       |       |       |       |       |       ||   195
         Dire flail        |       |       |    64 |   194 |       |       |       |       |       ||   258
         War axe           |       |       |       |    68 |       |       |       |       |       ||    68
         Battleaxe         |       |       |       |   169 |   938 |  1296 |  1220 |  1219 |       ||  4842
         Broad axe         |       |       |       |       |       |       |       |   269 |   891 ||  1160
  Throw: Dart              |       |       |       |     3 |       |       |       |       |       ||     3
         Javelin           |       |       |       |       |       |     2 |       |       |     7 ||     9
 Invoke: Berserk           |     1 |     2 |     4 |     6 |     4 |     4 |     1 |     8 |     1 ||    31
         Trog's Hand       |       |     6 |     6 |     8 |    11 |     9 |     3 |    24 |     6 ||    73
         Brothers in Arms  |       |       |       |       |       |     1 |     1 |     2 |     1 ||     5
  Evoke: Wand              |       |       |       |    18 |       |       |       |       |       ||    18
         Box of beasts     |       |       |       |       |       |       |       |     1 |       ||     1
    Use: Potion            |       |     4 |       |       |     2 |     5 |     5 |     2 |     9 ||    27
         Scroll            |       |       |       |    22 |     3 |    13 |       |    20 |    11 ||    69
   Stab: Sleeping          |     1 |       |       |     2 |     1 |       |       |       |       ||     4
         Confused          |       |       |       |     2 |       |       |       |       |       ||     2
         Distracted        |       |       |       |     1 |     2 |     1 |       |     4 |    21 ||    29
         Invisible         |       |       |       |       |       |     1 |       |       |       ||     1
         Paralysed         |       |       |       |       |       |       |       |     1 |       ||     1
 Armour: Animal skin       |    10 |       |       |       |       |       |       |       |       ||    10
         Ring mail         |    24 |       |       |   213 |   230 |       |       |       |       ||   467
         Skin              |       |    56 |       |       |       |       |       |       |       ||    56
         Scale mail        |       |    92 |    18 |       |       |       |       |       |       ||   110
         Chain mail        |       |       |   198 |    62 |       |       |       |       |       ||   260
         Plate armour      |       |       |       |       |   297 |   846 |   474 |       |       ||  1617
         Gold dragon scale |       |       |       |       |       |       |   270 |   917 |   452 ||  1639
  Dodge: Dodged            |    61 |    97 |   127 |   261 |   490 |   959 |   796 |   959 |   429 ||  4179
  Block: Buckler           |       |       |       |    14 |       |       |       |       |       ||    14
         Kite shield       |       |       |       |       |       |       |       |   170 |   412 ||   582

Table legend: (Time is in decaauts)
 A = Elapsed time spent in this place.
 B = Non-inter-level travel time spent in this place.
 C = Inter-level travel time spent in this place.
 D = Time resting spent in this place.
 E = Time spent auto-exploring this place.
 F = Levels seen in this place.
 G = Mean time per level.
                   A        B        C        D        E       F      G
               +--------+--------+--------+--------+--------+-----+--------+
         Total |  78445 |  71921 |   6524 |  20462 |  34375 |  49 | 1600.9 |
       Dungeon |  16047 |  13715 |   2332 |   1461 |   8881 |  15 | 1069.8 |
          Lair |   6032 |   5564 |    468 |    783 |   3434 |   5 | 1206.4 |
        Shoals |   5963 |   5794 |    169 |   1580 |   3088 |   4 | 1490.8 |
     Snake Pit |   7144 |   6833 |    311 |   2342 |   2959 |   4 | 1786.0 |
  Orcish Mines |   1780 |   1463 |    317 |     87 |    901 |   2 |  890.0 |
   Elven Halls |   9095 |   8355 |    740 |   3732 |   2658 |   3 | 3031.7 |
        Vaults |  10218 |   9683 |    535 |   2156 |   5242 |   5 | 2043.6 |
        Depths |  12248 |  11138 |   1110 |   5286 |   3715 |   4 | 3062.0 |
           Zot |   8544 |   8006 |    538 |   2480 |   3307 |   5 | 1708.8 |
         Abyss |    758 |    758 |      0 |    452 |     24 |   1 |  758.0 |
      Gauntlet |    609 |    609 |      0 |     98 |    164 |   1 |  609.0 |
               +--------+--------+--------+--------+--------+-----+--------+

Top non-repeatable levels by time:
Depths:1: 5050 daAuts
   Elf:2: 4484 daAuts
Depths:3: 3509 daAuts
   Elf:3: 3111 daAuts
 Snake:4: 2867 daAuts
Vaults:5: 2649 daAuts
   Zot:4: 2476 daAuts
Shoals:4: 2451 daAuts
Depths:4: 2267 daAuts
   Zot:5: 2136 daAuts
Vaults:4: 2086 daAuts
 Snake:1: 2045 daAuts
Vaults:2: 1971 daAuts
   Zot:3: 1939 daAuts
Vaults:3: 1899 daAuts
